 Dungeon Crawl Stone Soup version 0.30-a0-718-geaa24f58ff (webtiles) character file.

Game seed: 13393451041394444469

342 Darius099 the Ruffian (level 6, -5/59 HPs)
             Began as a Troll Monk on Jan 25, 2023.
             Slain by a gnoll
             ... wielding a +0 halberd
             ... led by a gnoll bouda
              (12 damage)
             ... on level 4 of the Dungeon.
             The game lasted 00:06:45 (2286 turns).

Darius099 the Ruffian (Troll Monk)                  Turns: 2286, Time: 00:06:46

Health: -5/59      AC:  5    Str: 20    XL:     6   Next: 30%
Magic:  5/5        EV: 10    Int: 12    God:
Gold:   194        SH:  0    Dex: 14    Spells: 5/5 levels left

rFire   . . .      SeeInvis .      - Unarmed
rCold   . . .      Faith    +    (no shield)
rNeg    . . .      Spirit   .    a - +0 robe
rPois   .          Reflect  .    (helmet restricted)
rElec   .          Harm     .    q - +0 cloak
rCorr   .          Rampage  .    (gloves unavailable)
Will    .....                    (boots unavailable)
Stlth   ++                       h - amulet of faith
HPRegen 1.09/turn                d - +6 ring of intelligence
MPRegen 0.09/turn                (no ring)

@: mighty
A: large, unfitting armour, claws 3, regeneration 1, shaggy fur 1, tough skin 1
a: no special abilities


You were on level 4 of the Dungeon.
You visited 1 branch of the dungeon, and saw 4 of its levels.

You collected 194 gold pieces.

Inventory:

Missiles
 r - a throwing net (quivered)
Armour
 a - a +0 robe (worn)
 q - a +0 cloak (worn)
Jewellery
 d - a +6 ring of intelligence (left claw)
 h - an amulet of faith (around neck)
Wands
 p - a wand of flame (21)
Scrolls
 f - 3 scrolls of identify {unknown}
 g - a scroll of vulnerability {unknown}
 i - 3 scrolls of enchant armour {unknown}
 m - a scroll of noise {unknown}
 n - 4 scrolls of teleportation {unknown}
 o - a scroll of brand weapon {unknown}
Potions
 b - a potion of ambrosia
 c - 2 potions of haste {unknown}
 e - 3 potions of might
 j - a potion of berserk rage {unknown}
 k - 2 potions of attraction {unknown}
 l - a potion of curing {unknown}


   Skills:
 - Level 2.8 Fighting
 - Level 2.9 Dodging
 - Level 1.5 Stealth
 + Level 6.3 Unarmed Combat


You had 5 spell levels left.
You didn't know any spells.
Your spell library contained the following spells:

 Spells                   Type           Power      Damage    Failure   Level
 Tukima's Dance           Hex            0%         N/A       69%         3
 Cause Fear               Hex            0%         N/A       97%         4
 Passage of Golubria      Tloc           0%         N/A       97%         4
 Yara's Violent Unravell  Hex/Tmut       0%         3d3       100%        5
 Dragon Form              Tmut           0%         N/A       100%        7
 Dragon's Call            Summ           0%         N/A       100%        9


Dungeon Overview and Level Annotations

Branches:
Dungeon (4/15)
 Temple: D:4-7

Altars:
Ashenzari


Innate Abilities, Weirdness & Mutations

You are too large for most types of armour.
You have claws for hands.
Your natural rate of healing is unusually fast.
You are covered in fur. (AC +1)
You have tough skin. (AC +1)


Message History

The gnoll bouda is heavily wounded.
The gnoll bouda completely misses you.
You scratch the gnoll bouda but do no damage.
The gnoll bouda is heavily wounded.
The gnoll bouda barely misses you.
You claw the gnoll bouda!
You kill the gnoll bouda!
The gnoll closely misses you.
You scratch the gnoll.
The gnoll is lightly wounded.
The gnoll hits you from afar with a +2 vampiric spear.
You scratch the gnoll.
The gnoll is severely wounded.
The gnoll hits you but does no damage.
You claw the gnoll!
You kill the gnoll!
The gnoll hits you from afar with a +2 vampiric spear!
The gnoll closely misses you.
The gnoll hits you with a +2 vampiric spear.
Things that are here:
a +0 flail; a +0 club; a +0 robe You claw the gnoll!
You kill the gnoll!
The gnoll hits you from afar with a +0 halberd!
The gnoll throws a throwing net.
The throwing net hits you.
You become entangled in the net!
You tear a large gash into the net.
The gnoll completely misses you.
You struggle against the net.
The gnoll is no longer moving quickly.
The gnoll hits you with a +0 flail.
* * * LOW HITPOINT WARNING * * *
The gnoll hits you from afar with a +0 halberd!
* * * LOW HITPOINT WARNING * * *
You rip the net and break free!
The gnoll hits you from afar with a +0 halberd.
* * * LOW HITPOINT WARNING * * *
The gnoll hits you but does no damage.
It was a potion of might.
You feel very mighty all of a sudden.
The gnoll hits you from afar with a +0 halberd!
You die...

#...#... #....
#....# ##...
#....# ##...
##....# ##...#
#.....####..###
##.###..##..##
##.## ##....##
##.## ###..# .
##@## #..###
##g## ##...#
#g.# #####
#..## #..## #..
?#. #?#. # #g


You could see 2 gnolls.

Vanquished Creatures
  A gnoll bouda (D:4)
  An orc priest (D:3)
  Crazy Yiuf (D:3)
  Natasha (D:3)
  Terence (D:3)
  An orc wizard (D:4)
  Robin (D:2)
  5 gnolls (D:4)
  An adder (D:3)
  13 orcs
  3 ball pythons (D:1)
  10 bats
  9 endoplasms
  6 giant cockroaches
  15 goblins
  11 hobgoblins
  3 quokkas
  2 frilled lizards
  4 kobolds
  7 rats
96 creatures vanquished.

Vanquished Creatures (others)
  14 plants (D:4)
14 creatures vanquished.

Grand Total: 110 creatures vanquished

Notes
Turn   | Place    | Note
-------+----------+-------------------------------------------
     0 | D:1      | Darius099 the Troll Monk began the quest for the Orb.
     0 | D:1      | Reached XP level 1. HP: 22/22 MP: 0/0
    94 | D:1      | Reached XP level 2. HP: 28/29 MP: 1/1
   637 | D:2      | Reached XP level 3. HP: 31/36 MP: 2/2
   828 | D:2      | Noticed Robin
   856 | D:2      | Killed Robin
   945 | D:2      | Reached XP level 4. HP: 44/44 MP: 3/3
  1373 | D:3      | Reached skill level 4 in Unarmed Combat
  1527 | D:3      | Noticed Terence
  1542 | D:3      | Killed Terence
  1543 | D:3      | Reached XP level 5. HP: 39/52 MP: 4/4
  1583 | D:3      | Found a broken altar of Ashenzari.
  1743 | D:3      | Noticed Natasha
  1748 | D:3      | Killed Natasha
  1749 | D:3      | Reached skill level 5 in Unarmed Combat
  1913 | D:3      | Found a runed translucent door.
  1914 | D:3      | Noticed Crazy Yiuf
  1928 | D:3      | Upgraded the game from 0.30-a0-715-gdb4ae3ece1 to
                  | 0.30-a0-718-geaa24f58ff
  1932 | D:3      | Killed Crazy Yiuf
  2139 | D:4      | Reached XP level 6. HP: 39/59 MP: 5/5
  2155 | D:4      | Reached skill level 6 in Unarmed Combat
  2286 | D:4      | Slain by a gnoll

Illustrated notes

Levels and vault maps discovered:
D:1:      dpeg_arrival_erosion, layout_basic, nicolae_figureground_pulse
D:2:      layout_loops_ring, uniq_robin
D:3:      layout_rooms, mainiacjoe_overflow_24_doors, serial_corexii_hall,
          corexii_hall_statues_s, corexii_hall_statues_l,
          corexii_hall_statues_x, uniq_natasha, uniq_crazy_yiuf_cottage,
          uniq_terence
D:4:      layout_layer_cave, serial_bayou_pond_c,
          chequers_serial_rivers_large_a, nicolae_wormholes

Skill      XL: |  1  2  3  4  5  6 |
---------------+-------------------+-----
Unarmed Combat | 4 5 6 |  6.3
Fighting       | |  2.8
Dodging        | |  2.9
Stealth        | |  1.5

Action                     |  1- 3 |  4- 6 || total
---------------------------+-------+-------++-------
  Melee: Unarmed           |   100 |   128 ||   228
         Punch             |       |     3 ||     3
    Use: Potion            |       |     1 ||     1
   Stab: Sleeping          |     5 |     4 ||     9
 Armour: Robe              |    38 |    45 ||    83
  Dodge: Dodged            |    52 |    78 ||   130

Table legend: (Time is in decaauts)
 A = Elapsed time spent in this place.
 B = Non-inter-level travel time spent in this place.
 C = Inter-level travel time spent in this place.
 D = Time resting spent in this place.
 E = Time spent auto-exploring this place.
 F = Levels seen in this place.
 G = Mean time per level.
                   A        B        C        D        E       F      G
               +--------+--------+--------+--------+--------+-----+--------+
         Total |   2268 |   2135 |    133 |     53 |   1317 |   4 |  567.0 |
       Dungeon |   2268 |   2135 |    133 |     53 |   1317 |   4 |  567.0 |
               +--------+--------+--------+--------+--------+-----+--------+

Top non-repeatable levels by time:
     D:3: 727 daAuts
     D:2: 682 daAuts
     D:1: 599 daAuts
     D:4: 258 daAuts
